 Seeded DCSS version 0.31-a0-1549-g5ff9445e89 (webtiles) character file.

Game seed: 14315085070250174884 (custom seed)

800 innerfire43 the Grave Robber (level 7, -1/52 HPs)
             Began as a Demonspawn Wanderer on Jan 2, 2024.
             Was a Believer of Qazlal.
             Slain by a howler monkey (2 damage)
             ... on level 5 of the Dungeon.
             The game lasted 00:14:21 (4948 turns).

innerfire43 the Grave Robber (Demonspawn Wanderer)  Turns: 4948, Time: 00:14:21

Health: -1/52      AC: 13    Str: 12    XL:     7   Next: 59%
Magic:  6/11       EV: 12    Int: 16    God:    Qazlal [**....]
Gold:   116        SH:  7    Dex: 13    Spells: 10/11 levels left

rFire   . . .        l - +2 falchion (protect)
rCold   . . .        (no shield)
rNeg    . . .        d - +0 leather armour
rPois   .            b - +0 helmet
rElec   .            q - +0 cloak
rCorr   +            r - +0 pair of gloves
SInv    .            (no boots)
Will    .....        t - amulet of reflection
Stlth   +            s - ring of resist corrosion
HPRegen 0.28/turn    (no ring)
MPRegen 0.12/turn

%: reflection
@: under a protective aura
A: claws 2, demonic guardian 1, big brain 1
a: Renounce Religion, Upheaval


You were on level 5 of the Dungeon.
You worshipped Qazlal.
Qazlal was pleased with you.
You visited 1 branch of the dungeon, and saw 5 of its levels.

You collected 224 gold pieces.
You spent 108 gold pieces at shops.

Inventory:

Hand Weapons
 a - a +0 dagger
 l - a +2 falchion of protection (weapon)
Armour
 b - a +0 helmet (worn)
 d - a +0 leather armour (worn)
 q - a +0 cloak (worn)
 r - a +0 pair of gloves (worn)
Jewellery
 h - an amulet of magic regeneration
 s - a ring of resist corrosion (left hand)
 t - an amulet of reflection (around neck)
 y - an amulet of guardian spirit
Wands
 m - a wand of digging (3)
 u - a wand of acid (10)
 w - a wand of flame (18)
Scrolls
 f - 2 scrolls of enchant armour {unknown}
 g - 3 scrolls of enchant weapon {unknown}
 n - a scroll of teleportation
 p - a scroll of blinking {unknown}
 x - 2 scrolls of vulnerability
 A - a scroll of immolation
 B - a scroll of brand weapon {unknown}
 C - 2 scrolls of identify
Potions
 c - a potion of haste
 e - 2 potions of lignification
 i - a potion of mutation {unknown}
 j - 3 potions of attraction
 k - 2 potions of heal wounds
 o - 2 potions of enlightenment {unknown}
 v - a potion of invisibility {unknown}
 z - a potion of resistance {unknown}


   Skills:
 + Level 3.0 Fighting
 - Level 1.0(2.1) Short Blades
 * Level 3.0(3.1) Long Blades
 - Level 1.0 Throwing
 + Level 2.8 Dodging
 - Level 1.7 Unarmed Combat
 + Level 2.7 Spellcasting
 * Level 1.1 Conjurations
 + Level 4.6 Necromancy
 + Level 3.8 Invocations
 * Level 2.6 Evocations


You had 10 spell levels left.
You knew the following spells:

 Your Spells              Type           Power      Damage    Failure   Level
a - Necrotise             Necr           68%        1d7       3%          1

Your spell library contained the following spells:

 Spells                   Type           Power      Damage    Failure   Level
 Magic Dart               Conj           20%        1d4       16%         1
 Foxfire                  Conj/Fire      16%        2x1d4     19%         1
 Cigotuvi's Dreadful Rot  Necr/Alch/Air  14%        N/A       21%         2
 Animate Dead             Necr           17%        N/A       34%         4
 Blink                    Tloc           4%         N/A       36%         2
 Call Imp                 Summ           4%         N/A       36%         2
 Jinxbite                 Hex            4%         N/A       36%         2
 Mephitic Cloud           Conj/Alch/Air  3%         N/A       54%         3
 Summon Forest            Summ/Tloc      1%         N/A       100%        5
 Yara's Violent Unravell  Hex/Alch       1%         3d3       100%        5
 Plasma Beam              Fire/Air       1%         2x1d11    100%        6
 Starburst                Conj/Fire      2%         6d3       100%        6
 Enfeeble                 Hex            1%         N/A       100%        7
 Monstrous Menagerie      Summ           1%         N/A       100%        7


Dungeon Overview and Level Annotations

Branches:
Dungeon (5/15)
 Temple: D:4-7

Altars:
Qazlal

Shops:
D:2 *   D:3 ?   D:5 [


Innate Abilities, Weirdness & Mutations

You have very sharp fingernails.
A weak demonic guardian rushes to your aid.
You have an unusually large brain. (Int +2)


Message History

Eustachio casts a spell.
The shadow slips into darkness.
The shadow flickers and vanishes!
Deactivating autopickup; reactivate with Ctrl-A.
The ufetubus hits you but does no damage.
The ufetubus completely misses you. The howler monkey barely misses you.
The quokka bites you but does no damage.
You closely miss Eustachio.
Eustachio is almost dead.
The ufetubus disappears in a puff of smoke!
The iron imp disappears in a puff of smoke!
The bat closely misses you. The bat barely misses you.
Eustachio completely misses you. The bat misses you.
The howler monkey hoots and howls with incredible vigour!
The quokka closely misses you.
You hit Eustachio but do no damage.
Eustachio is almost dead.
The bat hits you but does no damage. The bat barely misses you.
The bat hits you.
The ufetubus is engulfed in blazing flames.
You kill the ufetubus!
The ufetubus disappears in a puff of smoke!
The jelly hits you but does no damage. The bat barely misses you.
You block Eustachio's attack. The howler monkey hits you.
The quokka closely misses you. Eustachio hits you but does no damage.
The jelly hits you but does no damage.
You hit Eustachio.
You kill Eustachio!
Qazlal accepts your kill.
The bat disappears in a puff of smoke! x3
The quokka disappears in a puff of smoke!
The ufetubus disappears in a puff of smoke!
The quasit disappears in a puff of smoke!
The howler monkey hits you.
The shadow strikes at you from the darkness!
Ouch! That really hurt!
* * * LOW HITPOINT WARNING * * *
A demonic guardian appears!
Reactivating autopickup.
The howler monkey hits you.
You die...

#######.....#
##'###<...
####### #.# ####
....... #.#
....... ##.#
....... ##..#####
.......##..§....#
.........5§J.§..#
#+####.##h@)§..+
#.##§°W...#
#r.##......#
.Jb###.......#
..... #######...
#...... ..#
#..##.# . #.# ##
..


You could see a shadow, a howler monkey (catching breath, ally target), a jelly
and a friendly quasit (summoned).

Vanquished Creatures
  Eustachio (D:5)
  A black bear (D:5)
  4 scorpions
  A howler monkey (D:5)
  2 hounds
  A jelly (D:4)
  An orc priest (D:4)
  2 orc wizards (D:3)
  4 adders
  2 ufetubi (D:5)
  A ribbon worm (D:3)
  10 orcs
  4 ball pythons (D:3)
  7 endoplasms
  2 giant cockroaches
  4 goblins
  5 hobgoblins
  5 jackals
  4 quokkas
  6 bats
  5 frilled lizards
  7 kobolds
  6 rats
85 creatures vanquished.

Vanquished Creatures (collateral kills)
  Menkaure (D:5)
  Terence (D:2)
  An orc (D:3)
  2 ball pythons
  A jackal (D:5)
  A rat (D:1)
7 creatures vanquished.

Grand Total: 92 creatures vanquished

Notes
Turn   | Place    | Note
-------+----------+-------------------------------------------
     0 | D:1      | innerfire43 the Demonspawn Wanderer began the quest for the
                  | Orb.
     0 | D:1      | innerfire43 set off with the following items: a +0 dagger,
                  | a +0 helmet, a potion of haste, a +0 leather armour, a
                  | potion of lignification; and the following spell memorised:
                  | Necrotise; and the following spells available to memorise:
                  | Cigotuvi's Dreadful Rot, Animate Dead.
     0 | D:1      | Reached XP level 1. HP: 15/15 MP: 2/2
   153 | D:1      | Gained mutation: A weak demonic guardian rushes to your
                  | aid. [demonic ancestry]
   153 | D:1      | Reached XP level 2. HP: 10/21 MP: 0/3
   212 | D:1      | Got the Cyclopedia of Amassed Chrysopoeia
   817 | D:2      | Found Gocut's Assorted Antiques.
   880 | D:2      | Noticed Terence
   901 | D:2      | Killed Terence
   902 | D:2      | Gained mutation: You have an unusually large brain. (Int
                  | +2) [demonic ancestry]
   902 | D:2      | Reached XP level 3. HP: 8/26 MP: 3/5
   994 | D:2      | Found a stormy altar of Qazlal.
  1032 | D:2      | Became a worshipper of Qazlal Stormbringer
  1260 | D:2      | Found a faded altar of an unknown god.
  1433 | D:2      | Reached skill level 1 in Short Blades
  2426 | D:2      | Bought an encrusted diamond ring for 90 gold pieces
  2426 | D:2      | Bought a scroll labelled EZUMPU GAOFO for 18 gold pieces
  2608 | D:3      | Found Niybliqo's Magic Scroll Emporium.
  2612 | D:3      | Reached XP level 4. HP: 33/33 MP: 6/6
  2675 | D:3      | Noticed a scorpion
  2689 | D:3      | Killed a scorpion
  2690 | D:3      | Reached skill level 1 in Long Blades
  2904 | D:3      | Gained mutation: You have sharp fingernails. [demonic
                  | ancestry]
  2904 | D:3      | Reached XP level 5. HP: 38/38 MP: 5/7
  3070 | D:3      | Reached skill level 4 in Necromancy
  3356 | D:3      | Reached * piety under Qazlal
  3816 | D:4      | Reached XP level 6. HP: 32/45 MP: 1/9
  3931 | D:4      | Reached skill level 1 in Evocations
  4335 | D:5      | Entered Level 5 of the Dungeon
  4451 | D:5      | Gained mutation: You have very sharp fingernails. [demonic
                  | ancestry]
  4451 | D:5      | Reached XP level 7. HP: 51/51 MP: 0/10
  4552 | D:5      | Found Jestre's Antique Armour Shoppe.
  4743 | D:5      | Noticed Menkaure
  4748 | D:5      | Reached ** piety under Qazlal
  4754 | D:5      | Killed Menkaure
  4755 | D:5      | Reached skill level 1 in Conjurations
  4917 | D:5      | Noticed Eustachio
  4943 | D:5      | Noticed a shadow
  4948 | D:5      | Killed Eustachio
  4948 | D:5      | HP: 1/52 [something (26)]
  4948 | D:5      | Slain by a howler monkey

Illustrated notes

Levels and vault maps discovered:
D:1:      elethiomel_arrival_quiet, layout_rooms
D:2:      layout_loops_corners, hellmonk_ecumenical_altar_heavens_door,
          basic_altar, serial_shops, nicolae_shop_crystal, minmay_misc_feat_chi,
          uniq_terence
D:3:      minmay_recursive_quarters, layout_loops_ring, serial_shops,
          nicolae_lakefront_shop
D:4:      layout_rooms
D:5:      layout_basic, serial_shops, shop, nicolae_shop_rolling_square,
          nicolae_diamond_shop, nicolae_titane, uniq_eustachio, uniq_menkaure

Skill      XL: |  1  2  3  4  5  6  7 |
---------------+----------------------+-----
Invocations    | 2 3 |  3.8
Short Blades   | 1 |  1.0
Fighting       | 2 3 |  3.0
Long Blades    | 1 2 3 |  3.0
Dodging        | 2 |  2.8
Necromancy     | 4 |  4.6
Spellcasting   | 2 |  2.7
Evocations     | 1 2 |  2.6
Conjurations   | 1 |  1.1
Throwing       | |  1.0
Unarmed Combat | |  1.7

Action                     |  1- 3 |  4- 6 |  7- 9 || total
---------------------------+-------+-------+-------++-------
  Melee: Dagger            |    54 |       |       ||    54
         Punch             |     2 |       |       ||     2
         Falchion          |     2 |    71 |    33 ||   106
   Cast: Necrotise         |    46 |   105 |    13 ||   164
    Use: Scroll            |     8 |     1 |       ||     9
         Potion            |       |     3 |       ||     3
 Armour: Leather armour    |    56 |   107 |    67 ||   230
  Dodge: Dodged            |    60 |    73 |    79 ||   212
  Block: Other             |       |    27 |    30 ||    57
         Reflection        |       |     1 |       ||     1

Table legend: (Time is in decaauts)
 A = Elapsed time spent in this place.
 B = Non-inter-level travel time spent in this place.
 C = Inter-level travel time spent in this place.
 D = Time resting spent in this place.
 E = Time spent auto-exploring this place.
 F = Levels seen in this place.
 G = Mean time per level.
                   A        B        C        D        E       F      G
               +--------+--------+--------+--------+--------+-----+--------+
         Total |   4966 |   4163 |    803 |      0 |   3374 |   5 |  993.2 |
       Dungeon |   4966 |   4163 |    803 |      0 |   3374 |   5 |  993.2 |
               +--------+--------+--------+--------+--------+-----+--------+

Top non-repeatable levels by time:
     D:2: 1397 daAuts
     D:1: 1093 daAuts
     D:3: 1070 daAuts
     D:4: 785 daAuts
     D:5: 619 daAuts
